 Dungeon Sprint DCSS version 0.17-a0-1056-g838d5c0 (webtiles) character file.

1200000 Vrock the Severer (level 14, -10/96 HPs)
             Began as a Gargoyle Gladiator on May 16, 2015.
             Was a Follower of Makhleb.
             Mangled by a bag of meat
             ... wielding a +9 war axe
              (35 damage)
             ... in the Dungeon (Sprint VIII: "Arena of Blood").
             The game lasted 00:00:29 (12 turns).

Vrock the Severer (Gargoyle Gladiator)                Turns: 12, Time: 00:00:29

Health: -10/96     AC: 13    Str: 23    XL:     14   Next: 6%
Magic:  14/14      EV: 20    Int: 10    God:    Makhleb [*.....]
Gold:   0          SH:  0    Dex: 10    Spells: 0 memorised, 13 levels left

rFire  . . .     SeeInvis .     l - +∞ Axe of Woe
rCold  . . .     Clarity  .     b - +0 leather armour
rNeg   + . .     SustAb   .     (no shield)
rPois  ∞         Gourm    .     c - +0 helmet
rElec  +         Spirit   .     (no cloak)
rCorr  .         Warding  .     (no gloves)
rMut   .         NoTele   +     (no boots)
MR     +....                    (no amulet)
Stlth  +.........               (no ring)
                                (no ring)

@: somewhat resistant to hostile enchantments, very unstealthy
A: big wings, negative energy resistance 1, electricity resistance, unbreathing,
petrification resistance, rot immunity, AC +9
a: Fly, Renounce Religion


You were in the Dungeon.
You worshipped Makhleb.
Makhleb was aware of your devotion.
You were not hungry.

You visited 1 branch

Inventory:

Hand weapons
 a - a +0 war axe
 l - the +∞ Axe of Woe (weapon)
   (You found it in the Dungeon)
Missiles
 d - 3 throwing nets (quivered)
Armour
 b - a +0 leather armour (worn)
 c - a +0 helmet (worn)
Scrolls
 k - a scroll of blinking
Potions
 f - a potion of curing
 g - a potion of heal wounds
 h - a potion of haste
 i - 2 potions of magic
 j - a potion of berserk rage
Comestibles
 e - a bread ration


   Skills:
 + Level 14.4 Fighting
 + Level 20.5 Axes
 + Level 12.6 Throwing
 + Level 18.7 Dodging


You had 13 spell levels left.
You didn't know any spells.

Dungeon Overview and Level Annotations

Branches:
Dungeon (1/1)

Altars:
Makhleb


Innate Abilities, Weirdness & Mutations

You are resistant to torment.
Your stone body is resilient (AC +9).
You are immune to poison.
Your large and strong wings let you fly indefinitely.
You resist negative energy.
You are resistant to electric shocks.
You can survive without breathing.
You are immune to petrification.
You are immune to rotting.


Message History

You slash the bag of meat!
You fatally mangle the bag of meat.
You kill the bag of meat!
Makhleb accepts your kill.
You can now gain health from killing.
Your Fighting skill gained 2 levels and is now at level 13!
Your Axes skill gained 2 levels and is now at level 18!
Your Throwing skill gained 2 levels and is now at level 11!
Your Dodging skill gained 2 levels and is now at level 17!
You have reached level 13!
You slash the bag of meat!
You cleave the bag of meat in twain.
You kill the bag of meat!
Makhleb accepts your kill.
Your Fighting skill increases to level 14!
Your Axes skill gained 2 levels and is now at level 20!
Your Throwing skill increases to level 12!
Your Dodging skill increases to level 18!
You have reached level 14!
Your wings grow larger and stronger.
You hear a shout! x4
The bag of meat hits you with a +9 war axe!!
You die...

............
...........
...........
..........
#..oo...# ..
#.......#
...###.......###.
.......o###......
#......oo@.......
......#.)o..#....
......#_.<._# .
..... #.....#
#......o._......
........###......
...###... ..###.
. #... ..# #...
.#


You could see 5 bags of meat.

Vanquished Creatures
  3 orcs (D)
3 creatures vanquished.

Notes
Turn   | Place    | Note
--------------------------------------------------------------
     0 | D        | Vrock the Gargoyle Gladiator began the quest for the Orb.
     0 | D        | Reached XP level 1. HP: 12/12 MP: 1/1
     3 | D        | Noticed a bag of meat
     3 | D        | Noticed a bag of meat
     4 | D        | Became a worshipper of Makhleb the Destroyer
     5 | D        | Noticed a bag of meat
     6 | D        | Noticed a bag of meat
     6 | D        | Noticed a bag of meat
     6 | D        | Noticed a bag of meat
     7 | D        | Noticed a bag of meat
     7 | D        | Noticed a bag of meat
     9 | D        | Noticed a bag of meat
    11 | D        | Killed a bag of meat
    11 | D        | Reached skill level 11 in Fighting
    11 | D        | Reached skill level 16 in Axes
    11 | D        | Reached skill level 15 in Dodging
    11 | D        | Reached XP level 2. HP: 14/29 MP: 2/2
    11 | D        | Reached XP level 3. HP: 16/34 MP: 3/3
    11 | D        | Reached XP level 4. HP: 18/40 MP: 4/4
    11 | D        | Reached XP level 5. HP: 19/44 MP: 5/5
    11 | D        | Reached XP level 6. HP: 21/49 MP: 6/6
    11 | D        | Reached XP level 7. HP: 23/54 MP: 7/7
    11 | D        | Reached XP level 8. HP: 25/60 MP: 8/8
    11 | D        | Reached XP level 9. HP: 26/64 MP: 9/9
    11 | D        | Reached XP level 10. HP: 28/69 MP: 10/10
    11 | D        | Reached XP level 11. HP: 30/74 MP: 11/11
    11 | D        | Reached XP level 12. HP: 32/80 MP: 12/12
    12 | D        | Noticed a bag of meat
    12 | D        | Killed a bag of meat
    12 | D        | Acquired Makhleb's first power
    12 | D        | Reached skill level 18 in Axes
    12 | D        | Reached XP level 13. HP: 24/88 MP: 13/13
    12 | D        | Killed a bag of meat
    12 | D        | Reached skill level 20 in Axes
    12 | D        | Gained mutation: Your large and strong wings let you fly indefinitely. [Gargoyle growth]
    12 | D        | Reached XP level 14. HP: 25/96 MP: 14/14
    12 | D        | Mangled by a bag of meat

Vault maps used:
D:        meatsprint

Action                   |  1- 3 |  4- 6 |  7- 9 | 10-12 | 13-15 || total
-------------------------+-------+-------+-------+-------+-------++-------
Melee: Executioner's axe |     1 |       |       |     1 |       ||     2
